 Dungeon Crawl Stone Soup version 0.20.1-1-g8b1a95d (webtiles) character file.

17 digijack the Magician (level 2, -1/14 HPs)
             Began as a Vine Stalker Wanderer on Jan 2, 2018.
             Slain by an ooze (2 damage)
             ... on level 1 of the Dungeon on Jan 3, 2018.
             The game lasted 00:12:54 (1268 turns).

digijack the Magician (Vine Stalker Wanderer)       Turns: 1268, Time: 00:12:55

Health: -1/14      AC:  3    Str: 14    XL:     2   Next: 62%
Magic:  0/7        EV: 11    Int: 10    God:
Gold:   44         SH:  0    Dex: 15    Spells: 6/7 levels left

rFire    . . .     SeeInvis .   c - +0 dagger
rCold    . . .     Gourm    .   (no shield)
rNeg     . . .     Faith    .   b - +0 robe
rPois    .         Spirit   +   (no helmet)
rElec    .         Reflect  .   (no cloak)
rCorr    .         Harm     .   e - +0 pair of gloves
MR       .....                  (no boots)
Stlth    ++........             (no amulet)
Regen    0.1/turn               (no ring)
MPRegen  0.1/turn               (no ring)

@: very slightly contaminated
A: fangs 2, magic shield, antimagic bite, no potion heal 3, rot immunity
a: no special abilities


You were on level 1 of the Dungeon.
You were hungry.

You visited 1 branch of the dungeon, and saw 1 of its levels.

You collected 44 gold pieces.

Inventory:

Hand Weapons
 c - a +0 dagger (weapon)
Armour
 b - a +0 robe (worn)
 e - a +0 pair of gloves (worn)
Scrolls
 g - a scroll of identify
 k - a scroll of remove curse
Potions
 h - a potion of ambrosia
Books
 a - a book of Minor Magic

   Spells                             Type                      Level
   a - Magic Dart                     Conjuration                  1
   b - Blink                          Translocation                2
   c - Call Imp                       Summoning                    2
   d - Slow                           Hexes                        2
   e - Conjure Flame                  Conjuration/Fire             3
   f - Mephitic Cloud                 Conjuration/Poison/Air       3
Comestibles
 d - a bread ration
 f - 5 chunks of flesh
 i - a royal jelly
 j - a meat ration


   Skills:
 + Level 1.3 Fighting
   Level 1.0 Crossbows
 - Level 1.0 Armour
 + Level 0.7 Dodging
 + Level 2.7 Stealth
 + Level 3.4 Spellcasting
 + Level 0.4 Conjurations
   Level 2.0 Charms


You had 6 spell levels left.
You knew the following spells:

 Your Spells              Type           Power        Failure   Level  Hunger
a - Magic Dart            Conj           #...         22%         1    #......


Dungeon Overview and Level Annotations

Branches:
Dungeon (1/15)

Altars:


Innate Abilities, Weirdness & Mutations

You have extremely sharp teeth.
When hurt, damage is shared between your health and your magic reserves.
Your bite disrupts and absorbs the magic of your enemies.
Potions cannot restore your health.
You are immune to rotting.


Message History

You miscast Magic Dart.
Your skin tingles.
The ooze hits you.
Casting: Magic Dart
Confirm with . or Enter, or press ? or * to list all spells.
Aiming: Magic Dart
Press: ? - help, Shift-Dir - straight line, f/p - ooze
Aim: an ooze (heavily wounded)
You miscast Magic Dart.
Nothing appears to happen.
The ooze misses you.
Casting: Magic Dart
Confirm with . or Enter, or press ? or * to list all spells.
Aiming: Magic Dart
Press: ? - help, Shift-Dir - straight line, f/p - ooze
Aim: an ooze (heavily wounded)
The magic dart hits the ooze.
The ooze is heavily wounded.
The ooze hits you.
* * * LOW HITPOINT WARNING * * *
You hit the ooze but do no damage.
The ooze is heavily wounded.
The ooze hits you.
You die...

#..# #....##..# #.รท........##.##
#..# #....##..###..##.##......##
#..####.<..##..#....##..#...###..
#..........##..#....##..#...###..
#..............#....###.##.#..'..
#..####........#....# #.##.#.##..
#..# #....##..#....###.##.#.##..
#..# #....##..#J.....#.##.#.##..
#..#####.####..#@..........#.##..
#........# #....#......####.##..
#..####..# #..#...>.....###.##..
#..# #..# #..#.............#...
#..####..## #..#...#.....######.#
#..##.....# #..#.#.#.....# #.#
#.........# #..#.#.#.....######.#
#.........# #..#...#.....#.......
#....)..).###..#.#.#.............


You could see an ooze.

Vanquished Creatures
  A dart slug (D:1)
  A leopard gecko (D:1)
  3 hobgoblins (D:1)
  3 kobolds (D:1)
  5 bats (D:1)
  2 rats (D:1)
15 creatures vanquished.

Notes
Turn   | Place    | Note
-------+----------+-------------------------------------------
     0 | D:1      | digijack the Vine Stalker Wanderer began the quest for the Orb.
     0 | D:1      | digijack set off with: a book of Minor Magic, a +0 robe, a +0 dagger, a bread ration
     0 | D:1      | Reached XP level 1. HP: 10/10 MP: 5/5
    20 | D:1      | Learned a level 1 spell: Magic Dart
   388 | D:1      | Reached XP level 2. HP: 14/14 MP: 7/7
  1268 | D:1      | Slain by an ooze

Action                   || total
-------------------------++-------
Melee: Dagger            ||    21
       Bite              ||     6
 Cast: Magic Dart        ||    29
  Use: Scroll            ||     4
       Potion            ||     4
 Stab: Sleeping          ||     1
  Eat: Chunk             ||     1
Armor: Robe              ||     4
Dodge: Dodged            ||    15
